 Dungeon Crawl Stone Soup version 0.29-a0-414-g5075937ec3 (webtiles) character file.

Game seed: 11870192204828682598

10903 Kenran the Covert (level 11, -6/60 HPs)
             Began as a Spriggan Enchanter on May 12, 2022.
             Was a Believer of Ashenzari.
             Mangled by a meliai simulacrum (7 damage)
             ... on level 11 of the Dungeon on May 15, 2022.
             The game lasted 00:46:46 (14563 turns).

Kenran the Covert (Spriggan Enchanter)             Turns: 14563, Time: 00:46:46

Health: -6/60      AC:  5    Str:  4    XL:     11   Next: 42%
Magic:  19/22      EV: 21    Int: 22    God:    Ashenzari [**....]
Gold:   273        SH: 11    Dex: 15    Spells: 16/24 levels left

rFire   . . .      SeeInvis +   a - +1 dagger
rCold   + . .      Faith    .   M - +0 buckler
rNeg    + . .      Spirit   .   D - +1 robe {rC+}
rPois   .          Reflect  +   (helmet restricted)
rElec   .          Harm     .   w - +1 cloak of the Distant Seeker {Self, Bglg} (curse)
rCorr   .          Rampage  .   (gloves unavailable)
Will    ++...                   (boots unavailable)
Stlth   ++++++....              m - amulet "Inaction of Ashenzari" {Reflect SH+5, Melee, Elem} (curse)
HPRegen 0.20/turn               u - ring of Ashenzari's Servitude {Will+, Fort, Cun} (curse)
MPRegen 0.18/turn               F - ring of positive energy

@: confusing by touch, very quick
A: very small, no large weapons, unfitting armour, see invisible, speed 3
a: Renounce Religion, Curse Item, Shatter the Chains


You were on level 11 of the Dungeon.
You worshipped Ashenzari.
Ashenzari was pleased with you.
You visited 3 branches of the dungeon, and saw 13 of its levels.

You collected 586 gold pieces.
You spent 313 gold pieces at shops.

Inventory:

Hand Weapons
 a - a +1 dagger (weapon)
 d - a +0 hunting sling
Missiles
 f - 32 poisoned darts (quivered)
Armour
 w - the cursed +1 cloak of the Distant Seeker (worn) {Self, Bglg}
   (You bought it in a shop on level 1 of the Dungeon)

   It has a curse which improves the following skills: Introspection: Fighting
   and Spellcasting.
   Beguiling: Conjurations, Hexes and Translocations.
 D - a +1 robe of cold resistance (worn)
 M - a +0 buckler (worn)
Jewellery
 m - the cursed amulet "Inaction of Ashenzari" (around neck) {Reflect SH+5, Melee, Elem}
   (You found it on level 2 of the Dungeon)

   [amulet of reflection]

   It reflects blocked missile attacks.
   SH:        It affects your SH (+5).
   It has a curse which improves the following skills: Melee Combat: Short
   Blades, Long Blades, Axes, Maces & Flails, Polearms, Staves and Unarmed
   Combat.
   Elements:  Fire Magic, Ice Magic, Air Magic and Earth Magic.
 u - the cursed ring of Ashenzari's Servitude (left hand) {Will+, Fort, Cun}
   (You found it on level 4 of the Dungeon)

   [ring of willpower]

   Will:      It increases your willpower.
   It has a curse which improves the following skills: Fortitude: Armour and
   Shields.
   Cunning:   Dodging and Stealth.
 A - an amulet of magic regeneration
 F - a ring of positive energy (right hand)
 L - a +6 ring of dexterity
 N - a ring of resist corrosion
Wands
 l - a wand of mindburst (1)
 y - a wand of acid (8)
 B - a wand of digging (6)
 E - a wand of flame (7)
 I - a wand of iceblast (8)
 J - a wand of charming (6)
Scrolls
 b - a scroll of fog
 h - 3 scrolls of vulnerability {!r}
 n - a scroll of brand weapon
 o - 3 scrolls of immolation {!r}
 p - 3 scrolls of teleportation
 q - 2 scrolls of torment {!r}
 t - 2 scrolls of amnesia
 C - 2 scrolls of enchant weapon
 G - a scroll of blinking
 H - 3 scrolls of silence
 O - a scroll of fear
Potions
 c - 3 potions of invisibility
 e - 2 potions of berserk rage {!q}
 g - a potion of might
 i - 2 potions of ambrosia
 j - 6 potions of curing {@q1}
 k - 2 potions of haste
 r - 3 potions of heal wounds {@q2}
 s - 3 potions of magic
 v - 3 potions of attraction {!q}
 x - a potion of brilliance
 z - 4 potions of lignification {!q}
 K - 2 potions of cancellation


   Skills:
 + Level 7.2(8.5) Fighting
 + Level 5.7(7.0) Short Blades
 - Level 8.7(10.0) Dodging
 + Level 13.5(14.6) Stealth
 + Level 1.7(2.6) Shields
 - Level 5.7(7.0) Spellcasting
 - Level 11.8(13.0) Hexes
 - Level 3.0 Evocations


You had 16 spell levels left.
You knew the following spells:

 Your Spells              Type           Power      Damage    Failure   Level
a - Ensorcelled Hibernat  Hex/Ice        72%        N/A       1%          2
b - Confusing Touch       Hex            60%        N/A       1%          3
c - Tukima's Dance        Hex            60%        N/A       1%          3

Your spell library contained the following spells:

 Spells                   Type           Power      Damage    Failure   Level
 Dazzling Flash           Conj/Hex       72%        N/A       3%          3
 Portal Projectile        Hex/Tloc       72%        N/A       3%          3
 Leda's Liquefaction      Hex/Erth       18%        N/A       11%         4
 Apportation              Tloc           16%        N/A       16%         1
 Shock                    Conj/Air       32%        1d5       16%         1
 Animate Skeleton         Necr           14%        N/A       17%         1
 Beastly Appendage        Tmut           14%        N/A       17%         1
 Pain                     Necr           28%        1d5       17%         1
 Sting                    Tmut/Pois      28%        1d4       17%         1
 Poisonous Vapours        Pois/Air       16%        N/A       26%         2
 Wereblood                Tmut           7%         N/A       26%         2
 Silence                  Hex/Air        18%        N/A       30%         5
 Swiftness                Air            8%         N/A       43%         3
 Call Canine Familiar     Summ           7%         N/A       45%         3
 Spider Form              Tmut/Pois      7%         N/A       45%         3
 Vampiric Draining        Necr           7%         2d6       45%         3
 Airstrike                Air            4%         N/A       85%         4
 Olgreb's Toxic Radiance  Pois           7%         N/A       86%         4
 Agony                    Necr           7%         N/A       99%         5
 Alistair's Intoxication  Tmut/Pois      4%         N/A       99%         5


Dungeon Overview and Level Annotations

Branches:
Dungeon (11/15)            Temple (1/1) D:5            Lair (1/6) D:10
    Orc (0/2) D:10

Altars:
Ashenzari
Cheibriados
Dithmenos
Elyvilon
Fedhas
Gozag
Hepliaklqana
Kikubaaqudgha
Makhleb
Nemelex Xobeh
Okawaru
Qazlal
Ru
Sif Muna
Trog
Uskayaw
Vehumet
Wu Jian
Xom
Yredelemnul
Zin
The Shining One

Shops:
D:1 [

Annotations:
D:7 4 runed translucent doors
D:10 exclusion: gargoyle


Innate Abilities, Weirdness & Mutations

You are very small and have problems with some larger weapons.
You are too small for most types of armour.
You have supernaturally acute eyesight. (SInv)
You cover ground extremely quickly. (Speed+++)


Message History

An ufetubus and a meliai simulacrum come into view.
Found a scroll of vulnerability.
You see here a +0 robe.
A meliai simulacrum comes into view.
You block the ice beast's attack.
You hit the ice beast but do no damage. The meliai simulacrum misses you.
The meliai simulacrum completely misses you.
The ice beast hits you but does no damage.
The ufetubus shouts!
You see here a +0 robe.
The meliai simulacrum attacks as you move away!
The meliai simulacrum hits you. The meliai simulacrum freezes you! You resist.
The meliai simulacrum closely misses you.
Casting: Ensorcelled Hibernation (safe; 1% risk of failure)
Confirm with . or Enter, or press ? or * to list all spells.
You can't see any susceptible monsters within range! (Use Z to cast anyway.) Unknown command.
You closely miss the meliai simulacrum.
The meliai simulacrum hits you but does no damage.
The meliai simulacrum hits you! The meliai simulacrum freezes you. You resist.
You block the meliai simulacrum's attack.
The meliai simulacrum misses you.
You hit the meliai simulacrum.
The meliai simulacrum is lightly damaged.
You block the meliai simulacrum's attack. x2
Casting: Ensorcelled Hibernation (safe; 1% risk of failure)
Confirm with . or Enter, or press ? or * to list all spells.
Your hands begin to glow red.
The meliai simulacrum hits you. The meliai simulacrum freezes you! You resist.
The meliai simulacrum hits you!
* * * LOW HITPOINT WARNING * * *
The meliai simulacrum freezes you! You resist.
* * * LOW HITPOINT WARNING * * *
The meliai simulacrum misses you.
The meliai simulacrum barely misses you.
You are too injured to fight recklessly!
The meliai simulacrum attacks as you move away!
The meliai simulacrum hits you!
* * * LOW HITPOINT WARNING * * *
The meliai simulacrum freezes you! You resist.
You die...

#...<# *
#.#### ** #.#
,,, , * #.#
#.#* *** ,
#.# #.#####
#.# #.....##
#.# #....5.#
#.# #.{....##
#@# #Z?..Z..#
#Z###.......#
#..{{....#,,
########...#
** ##


You could see a meliai simulacrum.

Vanquished Creatures
  A tengu warrior (D:9)
  2 cyclopes
  A black mamba (Lair:1)
  2 gargoyles (D:10)
  A komodo dragon (D:10)
  2 trolls
  Prince Ribbit (D:5)
  A wraith (D:10)
  A wyvern (D:9)
  12 yaks
  2 vampire mosquitoes (D:10)
  A steam dragon (D:10)
  3 wargs (D:10)
  An acid dragon (D:10)
  2 water moccasins
  7 orc warriors
  A sky beast (D:7)
  3 ogres (D:7)
  2 black bears
  2 ice beasts
  5 centaurs
  3 phantoms
  3 kobold brigands
  Blork the orc (D:4)
  2 gnoll sergeants
  3 bullfrogs
  2 necrophages (D:7)
  A scorpion (D:6)
  8 wights
  9 killer bees (D:10)
  3 howler monkeys
  4 hounds
  8 orc priests
  5 iguanas
  12 orc wizards
  7 adders
  12 gnolls
  2 shadow imps (D:8)
  A white imp (D:6)
  An ufetubus (D:5)
  3 worms
  2 dart slugs
  31 orcs
  8 ball pythons
  4 endoplasms
  2 giant cockroaches
  7 goblins
  7 hobgoblins
  3 quokkas
  3 bats
  2 frilled lizards
  15 kobolds
  7 rats
234 creatures vanquished.

Notes
Turn   | Place    | Note
-------+----------+-------------------------------------------
     0 | D:1      | Kenran the Spriggan Enchanter began the quest for the Orb.
     0 | D:1      | Reached XP level 1. HP: 9/9 MP: 5/5
   272 | D:1      | Found Iti Karo's Antique Armour Shop.
   848 | D:1      | Reached XP level 2. HP: 13/13 MP: 7/7
   889 | D:1      | Learned a level 2 spell: Ensorcelled Hibernation
  1665 | D:2      | Reached XP level 3. HP: 16/16 MP: 3/8
  1976 | D:2      | Learned a level 3 spell: Confusing Touch
  2034 | D:2      | Reached skill level 5 in Hexes
  2644 | D:3      | Noticed a water moccasin
  2821 | D:3      | Reached XP level 4. HP: 21/21 MP: 2/9
  2970 | D:3      | Killed a water moccasin
  2971 | D:3      | Reached skill level 5 in Stealth
  2971 | D:3      | Reached XP level 5. HP: 9/24 MP: 3/10
  3470 | D:3      | Reached skill level 5 in Dodging
  3470 | D:3      | Reached skill level 6 in Stealth
  3472 | D:3      | Reached skill level 1 in Fighting
  3472 | D:3      | Reached XP level 6. HP: 2/30 MP: 5/11
  3826 | D:3      | Upgraded the game from 0.29-a0-397-g846e4a0bbc to
                  | 0.29-a0-414-g5075937ec3
  3909 | D:4      | Learned a level 3 spell: Tukima's Dance
  4659 | D:4      | Noticed Blork the orc
  4668 | D:4      | Killed Blork the orc
  4669 | D:4      | Reached XP level 7. HP: 30/35 MP: 7/12
  4932 | D:1      | Bought a runed cloak for 210 gold pieces
  5021 | D:5      | Entered Level 5 of the Dungeon
  5428 | D:5      | Noticed Prince Ribbit
  5442 | D:5      | Killed Prince Ribbit
  5443 | D:5      | Reached skill level 5 in Short Blades
  5548 | D:5      | Found a staircase to the Ecumenical Temple.
  5555 | D:5      | Reached XP level 8. HP: 30/42 MP: 8/14
  5565 | Temple   | Entered the Ecumenical Temple
  5702 | Temple   | Became a worshipper of Ashenzari the Shackled
  5741 | D:5      | Identified the +3 scale mail "Xegafoah" {Rampage Will-
                  | Int+5}
  6187 | D:5      | Found a shadowy altar of Dithmenos.
  6496 | D:6      | Reached skill level 7 in Stealth
  6931 | D:6      | Reached skill level 8 in Stealth
  7280 | D:1      | Bought a runed robe for 103 gold pieces
  7597 | D:7      | Reached skill level 9 in Stealth
  7691 | D:7      | Reached skill level 10 in Stealth
  7789 | D:7      | Reached XP level 9. HP: 38/45 MP: 8/16
  7922 | D:7      | Reached skill level 5 in Spellcasting
  8183 | D:7      | Found a large runed translucent door.
  8183 | D:7      | Found a large runed translucent door.
  8215 | D:7      | Noticed a seven-headed hydra
  8216 | D:7      | Noticed a gargoyle
  8222 | D:7      | Found a large runed translucent door.
  8222 | D:7      | Found a large runed translucent door.
  8416 | D:7      | Reached skill level 10 in Hexes
  9084 | D:7      | Noticed a cyclops
  9341 | D:7      | Killed a cyclops
  9342 | D:7      | Reached skill level 5 in Fighting
  9852 | D:8      | Reached * piety under Ashenzari
 10216 | D:8      | Reached XP level 10. HP: 32/53 MP: 8/19
 10934 | D:8      | Reached skill level 11 in Stealth
 11484 | D:9      | Reached ** piety under Ashenzari
 11865 | D:9      | Noticed a tengu warrior
 11875 | D:9      | Killed a tengu warrior
 11876 | D:9      | Reached skill level 12 in Stealth
 12383 | D:10     | Entered Level 10 of the Dungeon
 12386 | D:10     | Reached skill level 1 in Evocations
 12436 | D:10     | Noticed a gargoyle
 12602 | D:10     | Found a staircase to the Lair.
 12858 | D:10     | Killed a gargoyle
 12859 | D:10     | Reached XP level 11. HP: 48/60 MP: 1/21
 13651 | D:10     | Found a staircase to the Orcish Mines.
 13777 | D:10     | Reached skill level 13 in Stealth
 13793 | Lair:1   | Entered Level 1 of the Lair of Beasts
 13826 | Lair:1   | Reached skill level 1 in Shields
 14563 | D:11     | HP: 1/60 [meliai simulacrum (8)]
 14563 | D:11     | Mangled by a meliai simulacrum

Illustrated notes

Levels and vault maps discovered:
D:1:      zelgadis_glass_arrival_small, layout_basic, serial_shops,
          nicolae_shop_temple_entry_statues_fountains
D:2:      layout_loops_ring
D:3:      layout_rooms
D:4:      layout_basic, uniq_blork_the_orc
D:5:      layout_loops_ring, marbit_many_paths,
          minmay_temple_entry_proselytizer, uniq_prince_ribbit1
D:6:      layout_gridville, minmay_fractal_squares_gapless_5
D:7:      layout_gridville, minmay_hollow_rounded_squares
D:8:      layout_layer_cave
D:9:      layout_irregular_city
D:10:     layout_loops_corners, erik_lair_orcish_takeover, orc_0_dummy,
          grunt_potential
D:11:     layout_basic, nicolae_trove_entry_free_sample, serial_ice,
          serial_ice_c, serial_ice_l, serial_ice_h, serial_ice_n, serial_ice_e,
          serial_ice_g, serial_ice_d, minmay_gold_behind_fungi
Temple:   kilobyte_greek_temple
Lair:1:   layout_hall_layers, wad_woods_river_01, infiniplex_staircase_pool_2

Skill      XL: |  1  2  3  4  5  6  7  8  9 10 11 |
---------------+----------------------------------+-----
Hexes          | 4 5 6 8 10 11 | 11.8
Spellcasting   | 3 4 5 |  5.7
Dodging        | 3 4 5 8 |  8.7
Stealth        | 5 6 10 12 13 | 13.5
Fighting       | 1 2 4 5 6 7 |  7.2
Short Blades   | 3 5 |  5.7
Evocations     | 2 3 |  3.0
Shields        | 1 |  1.7

Action                   |  1- 3 |  4- 6 |  7- 9 | 10-12 || total
-------------------------+-------+-------+-------+-------++-------
Melee: Dagger            |    95 |    79 |   198 |   289 ||   661
       Punch             |     2 |     1 |     1 |     1 ||     5
 Cast: Ensorcelled Hiber |    31 |    19 |   118 |    83 ||   251
       Confusing Touch   |       |     7 |    10 |    15 ||    32
Invok: Curse Item        |       |       |     2 |     1 ||     3
  Use: Scroll            |       |       |     8 |       ||     8
       Potion            |       |       |       |     1 ||     1
 Stab: Sleeping          |    27 |    11 |    62 |    61 ||   161
       Distracted        |     1 |       |       |     1 ||     2
       Confused          |       |     7 |     8 |     9 ||    24
Armor: Robe              |     5 |     6 |     9 |    13 ||    33
Dodge: Dodged            |    47 |    51 |   141 |   126 ||   365
Block: Other             |     9 |    13 |    34 |    15 ||    71
       Reflection        |       |       |     1 |     2 ||     3
       Buckler           |       |       |       |    71 ||    71

Table legend: (Time is in decaauts)
 A = Elapsed time spent in this place.
 B = Non-inter-level travel time spent in this place.
 C = Inter-level travel time spent in this place.
 D = Time resting spent in this place.
 E = Time spent auto-exploring this place.
 F = Levels seen in this place.
 G = Mean time per level.
                   A        B        C        D        E       F      G
               +--------+--------+--------+--------+--------+-----+--------+
         Total |  11224 |  10752 |    472 |   4428 |   3641 |  13 |  863.4 |
       Dungeon |  11055 |  10609 |    446 |   4352 |   3595 |  11 | 1005.0 |
        Temple |    136 |    115 |     21 |     76 |     25 |   1 |  136.0 |
          Lair |     32 |     27 |      5 |      0 |     20 |   1 |   32.0 |
               +--------+--------+--------+--------+--------+-----+--------+

Top non-repeatable levels by time:
     D:7: 1708 daAuts
    D:10: 1652 daAuts
     D:3: 1254 daAuts
     D:8: 1111 daAuts
     D:2: 1090 daAuts
     D:5: 974 daAuts
     D:1: 910 daAuts
     D:6: 828 daAuts
     D:4: 753 daAuts
     D:9: 752 daAuts
  Temple: 136 daAuts
  Lair:1: 32 daAuts
    D:11: 18 daAuts
